Map: 세룰리안 폴 - 래더

Players

Cure

  • Race: Terran Terran
  • Spawn Location: 1:00

soO - Winner!

  • Race: Zerg Zerg
  • Spawn Location: 7:00

Event: IEM Season 13 - Katowice Server Qualifiers Asia 1

VOD

Have the link to the VOD?

Description

Time

  • Played on: Jan. 14, 2019, 7:38 a.m.
  • Length: 10:44

All games in this series

Show
View Real Time Build Order
Export as new Build Order

Cure Terran 

Build Orders: Liberator Opening, Reaper Expand 

Get SALT Encoding   

  12  0:00  SCV  
  13  0:12  SCV  
  14  0:17  Supply Depot  
  14  0:24  SCV  
  15  0:38  SCV  
  15  0:39  Barracks  
  16  0:42  Refinery  
  16  0:51  SCV  
  17  1:03  SCV  
  18  1:15  SCV  
  19  1:26  Reaper  
  19  1:27  Orbital Command  
  20  1:39  Command Center  
  20  1:48  Supply Depot  
  20  1:52  SCV  
  21  1:58  Marine  
  22  2:05  SCV  
  23  2:11  Refinery  
  23  2:12  Factory  
  23  2:17  SCV  
  23  2:21  Barracks Reactor  
  24  2:29  SCV  
  25  2:41  SCV  
  26  2:51  Orbital Command  
  26  2:53  SCV  
  26  2:56  Starport  
  27  3:05  SCV, Hellion x2  
  32  3:10  Barracks Tech Lab  
  32  3:17  SCV x2  
  38  3:27  Hellion x2  
  38  3:31  SCV x2  
  38  3:33  Supply Depot  
  31  3:34  Viking  
  42  3:43  SCV x2  
  42  3:47  Liberator  
  42  3:48  Supply Depot  
  44  3:49  Barracks Tech Lab  
  44  3:52  Hellion  
  44  3:55  Hellion  
  48  3:57  Supply Depot  
  48  3:59  SCV x2  
  53  4:11  SCV x2  
  55  4:23  Command Center  
  55  4:25  Siege Tank  
  55  4:26  Marine  
  55  4:29  Stimpack  
  55  4:30  SCV  
  60  4:33  SCV  
  61  4:41  Supply Depot  
  61  4:42  SCV  
  61  4:43  Barracks  
  61  4:45  SCV  
  63  4:50  Starport Reactor  
  63  4:52  Marine  
  64  4:54  Barracks, SCV  
  64  4:57  SCV  
  66  5:07  SCV  
  70  5:09  SCV  
  70  5:10  Marine, Supply Depot  
  70  5:13  Refinery  
  69  5:15  Refinery  
  69  5:20  Factory Reactor, Engineering Bay x2  
  70  5:21  SCV x2  
  70  5:28  Marine  
  72  5:33  SCV x2  
  74  5:35  Orbital Command  
  74  5:45  SCV x2  
  74  5:48  Terran Infantry Armor Level 1, Terran Infantry Weapons Level 1  
  76  5:50  Marine x5  
  81  5:57  SCV  
  81  5:59  Orbital Command  
  81  6:00  Medivac x2  
  81  6:02  Factory Reactor  
  86  6:04  Supply Depot  
  86  6:07  SCV  
  86  6:09  SCV  
  88  6:13  Marine x5  
  89  6:20  SCV  
  89  6:21  SCV  
  89  6:23  Supply Depot  
  89  6:24  Supply Depot  
  91  6:26  SCV  
  91  6:32  Marine x5, SCV  
  97  6:36  SCV  
  97  6:38  SCV  
  100  6:42  Medivac x2  
  100  6:44  SCV  
  100  6:46  Widow Mine x2  
  109  6:47  Combat Shield  
  109  6:52  Marine x4  
  113  6:56  Marine  
  114  7:05  Barracks  
  114  7:07  Barracks  
  114  7:13  SCV x2  
  114  7:14  SCV  
  116  7:19  Refinery  
  116  7:20  Armory  
  116  7:24  Supply Depot  
  116  7:25  Factory, Supply Depot  
  116  7:27  Marine x5  
  116  7:29  Widow Mine x2  
  123  7:38  SCV  
  123  7:39  SCV  
  123  7:42  Missile Turret, SCV  
  123  7:43  Supply Depot  
  123  7:49  Missile Turret  
  123  7:51  Marine x5, Medivac  
  128  7:52  Medivac  
  128  7:55  Widow Mine x2  
  136  8:04  Marine x2  
  132  8:07  Terran Infantry Weapons Level 2, Terran Infantry Armor Level 2  
  132  8:08  Marine x2  
  132  8:10  Drilling Claws  
  132  8:16  Thor  
  138  8:20  Missile Turret  
  138  8:24  Supply Depot  
  138  8:26  Supply Depot  
  138  8:28  Missile Turret, Terran Vehicle And Ship Armor Level 1  
  138  8:29  Barracks Reactor  
  138  8:32  Barracks Reactor  
  138  8:35  Marine x3  
  141  8:43  Marine x2  
  141  8:45  Widow Mine x2  
  141  8:46  Medivac  
  149  8:48  Medivac  
  149  8:49  Supply Depot  
  149  8:52  Marine x2  
  153  9:01  Marine x3  
  148  9:10  Marine  
  148  9:14  Thor  
  148  9:15  Widow Mine x2  
  155  9:22  Command Center  
  155  9:24  Marine x6  
  155  9:25  Medivac x2  
  165  9:37  Supply Depot, Sensor Tower  
  165  9:39  Supply Depot  
  165  9:43  Marine x7  
  169  9:46  Widow Mine  
  169  9:47  Unknown  
  169  9:48  Unknown x2  
  171  9:57  Marine x2  
  122  10:00  Marine x2  
  122  10:03  Widow Mine x2  
  122  10:05  Marine x5  
  119  10:08  Widow Mine  
  113  10:14  Medivac  
  113  10:15  Marine x2  
  113  10:18  Marine x2  
  101  10:23  Marine x5  
Show
View Real Time Build Order
Export as new Build Order

soO Zerg - Winner!

Build Orders: Pool First, Muta Ling Bane 

Get SALT Encoding   

  12  0:00  Drone  
  13  0:12  Overlord  
  13  0:17  Drone  
  14  0:30  Drone x2  
  14  0:33  Drone  
  17  0:44  Extractor, Drone  
  17  0:49  Spawning Pool  
  16  0:55  Drone  
  17  1:06  Drone  
  18  1:17  Hatchery  
  17  1:20  Drone  
  18  1:36  Queen, Zergling x2  
  21  1:45  Metabolic Boost  
  21  1:49  Overlord  
  21  1:57  Drone  
  22  2:08  Drone  
  23  2:11  Queen  
  25  2:16  Drone  
  26  2:29  Zergling x2  
  28  2:30  Queen, Zergling x2  
  28  2:34  Overlord  
  30  2:39  Drone  
  31  2:48  Overlord, Drone x2  
  31  2:50  Drone  
  34  2:53  Drone  
  35  2:59  Drone  
  36  3:07  Drone  
  37  3:15  Drone  
  37  3:19  Drone  
  39  3:20  Hatchery  
  39  3:22  Drone  
  39  3:26  Drone x2  
  41  3:29  Drone x2  
  43  3:36  Queen, Drone x2  
  47  3:42  Drone x2  
  49  3:50  Drone x3  
  52  3:58  Overlord, Lair  
  52  4:06  Extractor x2, Baneling Nest  
  52  4:08  Drone  
  52  4:09  Drone  
  51  4:10  Zergling x2  
  51  4:15  Queen  
  54  4:21  Drone  
  55  4:24  Drone  
  55  4:25  Zergling x4  
  55  4:27  Drone x2  
  55  4:28  Spore Crawler  
  59  4:32  Queen, Drone  
  62  4:39  Drone x3  
  62  4:42  Drone  
  66  4:46  Overlord  
  66  4:51  Overlord  
  66  4:56  Overlord  
  66  5:04  Drone x2  
  66  5:05  Drone x6  
  74  5:13  Overlord  
  74  5:16  Drone x3  
  74  5:20  Drone x2  
  79  5:22  Overlord  
  79  5:26  Drone x2  
  79  5:28  Centrifical Hooks  
  81  5:30  Drone  
  81  5:31  Overlord  
  81  5:32  Evolution Chamber, Drone  
  81  5:33  Evolution Chamber  
  81  5:38  Drone x4  
  81  5:40  Extractor  
  81  5:42  Extractor  
  83  5:47  Zergling x4  
  83  5:48  Zergling x2  
  83  5:49  Hatchery, Drone x2  
  87  5:50  Drone  
  88  5:59  Spire  
  87  6:09  Zerg Ground Armor Level 1, Zerg Melee Weapons Level 1  
  87  6:15  Drone x4  
  87  6:17  Hatchery  
  87  6:18  Extractor  
  88  6:21  Zergling x2  
  89  6:26  Overlord, Spore Crawler  
  89  6:27  Zergling x18  
  97  6:34  Overlord  
  97  6:45  Overlord  
  97  6:49  Baneling x7  
  97  6:54  Drone x6  
  103  7:06  Zergling x18  
  108  7:19  Mutalisk x3  
  108  7:20  Mutalisk x2  
  108  7:22  Overlord  
  118  7:26  Overlord  
  118  7:33  Mutalisk x2  
  118  7:35  Zerg Flyer Weapons Level 1, Overlord  
  119  7:39  Drone x5  
  119  7:40  Overlord  
  119  7:41  Extractor  
  123  7:47  Drone  
  123  7:48  Drone x6  
  123  7:49  Mutalisk x2  
  123  7:51  Drone  
  135  7:56  Pneumatized Carapace  
  135  7:57  Overseer  
  135  7:58  Mutalisk x3  
  134  8:08  Drone x3  
  134  8:10  Mutalisk x2  
  134  8:11  Mutalisk  
  143  8:18  Hatchery  
  142  8:22  Zerg Ground Armor Level 2  
  142  8:23  Zerg Melee Weapons Level 2  
  142  8:24  Zergling x16  
  142  8:25  Zergling x8  
  154  8:33  Overseer  
  154  8:37  Mutalisk, Infestation Pit  
  155  8:42  Zergling x2  
  155  8:43  Zergling x4  
  155  8:47  Overlord x2  
  158  8:49  Overlord  
  157  9:06  Zergling x8  
  157  9:07  Zergling x12  
  157  9:08  Queen  
  157  9:09  Extractor  
  159  9:17  Queen  
  159  9:19  Queen  
  159  9:21  Baneling  
  159  9:22  Baneling x15  
  159  9:23  Zergling x12  
  159  9:24  Queen, Zergling x10  
  176  9:35  Zergling x24  
  176  9:36  Baneling x4  
  176  9:37  Baneling x9  
  186  9:47  Overseer  
  186  9:48  Drone  
  186  9:49  Drone  
  188  9:53  Overlord  
  159  10:08  Zergling x46  
  159  10:09  Zergling x6  
  165  10:26  Zergling x2  
  165  10:27  Zergling x10  

Tags
 
Add a new tag
Caveats
  • Supply blocks, unpowered buildings, or Contaminate may cause inaccurate times.
  • Supply counts are checked every 10 seconds.